 Dungeon Crawl Stone Soup version 0.31.0-1-g2c135a008e (webtiles) character file.

Game seed: 4600340894349200604

765 qw the Shooter (level 8, 0/58 HPs)
             Began as a Djinni Hunter on Jan 24, 2024.
             Slain by an iguana (5 damage)
             ... on level 4 of the Dungeon.
             The game lasted 00:00:23 (3651 turns).

qw the Shooter (Djinni Hunter)                      Turns: 3651, Time: 00:00:24

Health: 0/58       AC: 12    Str: 10    XL:     8   Next: 8%
Gold:   188        EV: 14    Int: 11    God:
                   SH:  0    Dex: 19

rFire   + + .        a - +1 shortbow
rCold   . . .        (shield currently unavailable)
rNeg    . . .        i - +2 robe {rC+}
rPois   inf          h - +0 helmet
rElec   .            f - +2 cloak
rCorr   .            (no gloves)
SInv    .            (boots unavailable)
Will    .....        (no amulet)
Stlth   ++           e - +4 ring of protection
HPRegen 0.29/turn    (no ring)
MPRegen 0.00/turn

%: infuse magic (-1 HP)
@: about to teleport, flying
A: sickness immunity, fire resistance 2, cold vulnerability 1, float, innate
caster, HP casting, extra vitality 1
a: no special abilities


You were on level 4 of the Dungeon.
You visited 1 branch of the dungeon, and saw 4 of its levels.

You collected 188 gold pieces.


Innate Abilities, Weirdness & Mutations

You are immune to sickness and miasma.
You are immune to poison.
Your flesh is very heat resistant. (rF++)
You are vulnerable to cold. (rC-)
You float through the air rather than walking.
You learn spells naturally, not from books.
Your magical power is your life essence.
You have superior vitality. (+4 MHP)


   Skills:
 - Level 4.1 Fighting
 - Level 6.2 Ranged Weapons
 - Level 1.0 Armour
 + Level 4.7 Dodging
 - Level 0.7 Stealth


You knew the following spells:

 Your Spells              Type           Power      Damage    Failure   Level
a - Sting                 Conj/Alch      0%         1d3       34%         1
b - Call Imp              Summ           0%         N/A       47%         2
c - Inner Flame           Hex/Fire       0%         N/A       71%         3
Your spell library was empty.

Inventory:

Hand Weapons
 a - a +1 shortbow (weapon)
Armour
 f - a +2 cloak (worn)
 h - a +0 helmet (worn)
 i - a +2 robe of cold resistance (worn)
Jewellery
 e - a +4 ring of protection (left hand)
Scrolls
 g - a scroll of blinking {unknown}
Potions
 b - a potion of cancellation
 d - a potion of curing
 k - a potion of degeneration {unknown}

Dungeon Overview and Level Annotations

Branches:
Dungeon (4/15)
 Temple: D:4-7

Altars:
Trog

Annotations:
D:3 exclusion: moth of wrath
D:4 exclusions: 4 gnolls and 3 gnoll sergeants, Edmund


Message History

The gnoll sergeant hits you from afar with a +0 trident!
Enter note:
Enter note:
Enter note:
Enter note:
Enter note: You shoot an arrow.
The arrow hits the gnoll sergeant.
The gnoll sergeant is heavily wounded.
The gnoll sergeant closely misses you.
You shoot an arrow.
The arrow barely misses the gnoll sergeant.
The gnoll sergeant hits you from afar with a +0 trident.
You shoot an arrow. The arrow hits the gnoll sergeant.
The gnoll sergeant is severely wounded.
The gnoll sergeant hits you but does no damage.
Edmund says, "I might not be good at magic, but I can still kill you!"
Edmund hits you but does no damage.
You shoot an arrow. The arrow barely misses Edmund.
The gnoll sergeant closely misses you.
The gnoll sergeant hits you but does no damage.
You shoot an arrow. The arrow hits Edmund.
Edmund is lightly wounded.
Edmund zaps a wand.
The puff of flame hits you. You resist.
The gnoll sergeant hits you from afar with a +0 trident!
You shoot an arrow. The arrow barely misses Edmund.
Edmund hits you with a +5 heavy flail!
The gnoll sergeant hits you from afar with a +0 trident.
You shoot an arrow. The arrow barely misses Edmund.
Edmund hits you with a +5 heavy flail. The iguana bites you.
The gnoll sergeant hits you from afar with a +0 trident.
3650 ||| READING scroll of teleportation.
As you read the scroll of teleportation, it crumbles to dust.
You feel strangely unstable.
The iguana bites you but does no damage.
The gnoll sergeant barely misses you.
You shoot an arrow. The arrow closely misses Edmund.
The gnoll shouts!
Edmund says, "You wouldn't believe how much I paid for this flail."
Edmund hits you with a +5 heavy flail. The iguana bites you.
You die...

## #........... ...
#.##........#.. ...
###..####.....#..
..##.............##. .<
................... ...
#..................
....##..........#####...
........#.......#...###.
......@@.(............##
......l.....###.........
.....g#.....###.........
.....###....##....###...
#.......g..............#
###. ..........##..........#
#.. #............<...##..##
###.
#.....[....##........####...
##
#......####.#........##.....


You could see Edmund, a gnoll sergeant, an iguana and a gnoll.

Vanquished Creatures
  Duvessa (D:4)
  Blork the orc (D:3)
  Dowan (D:4)
  4 wights (D:4)
  A bombardier beetle (D:4)
  A hound (D:4)
  Natasha (D:2)
  2 iguanas (D:3)
  Robin (D:3)
  3 adders
  6 gnolls (D:4)
  A dart slug (D:3)
  A ribbon worm (D:3)
  9 orcs
  5 endoplasms
  A giant cockroach (D:3)
  12 goblins
  10 hobgoblins
  2 jackals (D:2)
  4 kobolds
  A quokka (D:2)
  6 ball pythons
  5 bats
  5 frilled lizards
  9 rats
93 creatures vanquished.

Notes
Turn   | Place    | Note
-------+----------+-------------------------------------------
     0 | D:1      | qw the Djinni Hunter began the quest for the Orb.
     0 | D:1      | Reached XP level 1. HP: 18/18 MP: 0/0
     0 | D:1      | 0 ||| qw: Version: 0.3-a-136-gdd3b4e8
     0 | D:1      | 0 ||| qw: Game counter: 1367
     0 | D:1      | 0 ||| qw: Melee chars always use a shield: true
     0 | D:1      | 0 ||| qw: God list: Okawaru
     0 | D:1      | 0 ||| qw: Allow faded altars: false
     0 | D:1      | 0 ||| qw: Do Orc after clearing Dungeon:15 true
     0 | D:1      | 0 ||| qw: Do second Lair branch before Depths: true
     0 | D:1      | 0 ||| qw: Lair rune preference: random
     0 | D:1      | 0 ||| qw: Goals: Normal
     0 | D:1      | 0 ||| PLANNING D:1-11
   213 | D:1      | Reached XP level 2. HP: 23/23 MP: 0/0
   636 | D:1      | Found a faded altar of an unknown god.
   864 | D:1      | 864 ||| UPGRADING to +0 ring mail.
   874 | D:1      | 874 ||| DROPPING +0 leather armour.
   875 | D:1      | 875 ||| READING scroll labelled LOUMUE XATZ.
   875 | D:1      | 875 ||| IDENTIFYING fizzy emerald potion
   876 | D:1      | 876 ||| READING scroll labelled MAESAN KASUI.
   877 | D:1      | 877 ||| READING scroll labelled OSTIODGHOTYE.
   881 | D:1      | 881 ||| DROPPING scroll of butterflies.
   882 | D:1      | 882 ||| DROPPING potion of lignification.
  1213 | D:2      | Reached skill level 4 in Ranged Weapons
  1213 | D:2      | Reached XP level 3. HP: 27/28 MP: 0/0
  1213 | D:2      | Learned a level 1 spell: Sting
  1531 | D:2      | Reached skill level 1 in Armour
  1620 | D:2      | 1620 ||| UPGRADING to +2 cloak.
  1625 | D:2      | 1625 ||| UPGRADING to +4 ring of protection.
  1626 | D:2      | 1626 ||| READING scroll of identify.
  1626 | D:2      | 1626 ||| IDENTIFYING scroll labelled SUURULUIPO
  1627 | D:2      | 1627 ||| READING scroll of enchant weapon.
  1627 | D:2      | 1627 ||| ENCHANTING +0 shortbow.
  1655 | D:3      | Noticed Natasha
  1657 | D:3      | 1657 ||| STAIRDANCE
  1662 | D:2      | Killed Natasha
  1663 | D:2      | Reached XP level 4. HP: 34/34 MP: 0/0
  1665 | D:3      | 1665 ||| STAIRDANCE
  1672 | D:3      | 1672 ||| STAIRDANCE
  1677 | D:2      | Reached skill level 3 in Fighting
  1679 | D:3      | 1679 ||| STAIRDANCE
  2119 | D:3      | Reached XP level 5. HP: 40/40 MP: 0/0
  2119 | D:3      | Learned a level 2 spell: Call Imp
  2218 | D:3      | Noticed a moth of wrath
  2219 | D:3      | 2219 ||| READING scroll labelled HAYTAMN VIOW.
  2220 | D:3      | 2220 ||| DRINKING 2 metallic red potions.
  2223 | D:3      | Found a bloodstained altar of Trog.
  2309 | D:4      | Noticed Blork the orc
  2311 | D:4      | 2311 ||| STAIRDANCE
  2332 | D:4      | 2332 ||| STAIRDANCE
  2407 | D:4      | 2407 ||| STAIRDANCE
  2483 | D:4      | 2483 ||| STAIRDANCE
  2483 | D:4      | Noticed Robin
  2490 | D:4      | 2490 ||| STAIRDANCE
  2500 | D:4      | 2500 ||| STAIRDANCE
  2515 | D:4      | 2515 ||| STAIRDANCE
  2546 | D:4      | 2546 ||| STAIRDANCE
  2551 | D:3      | Reached skill level 5 in Ranged Weapons
  2623 | D:4      | 2623 ||| STAIRDANCE
  2633 | D:3      | Killed Robin
  2634 | D:3      | Reached XP level 6. HP: 46/46 MP: 0/0
  2636 | D:3      | 2636 ||| UPGRADING to +0 helmet.
  2644 | D:4      | 2644 ||| STAIRDANCE
  2655 | D:3      | Killed Blork the orc
  2656 | D:3      | Reached skill level 3 in Dodging
  2684 | D:3      | 2684 ||| UPGRADING to +2 robe of cold resistance.
  2694 | D:3      | 2694 ||| DROPPING +0 ring mail.
  2858 | D:4      | Reached XP level 7. HP: 39/52 MP: 0/0
  2858 | D:4      | Learned a level 3 spell: Inner Flame
  3184 | D:4      | 3184 ||| RETREEEEATING.
  3187 | D:4      | 3187 ||| RETREEEEATING.
  3196 | D:4      | 3196 ||| READING scroll of identify.
  3196 | D:4      | 3196 ||| IDENTIFYING murky sapphire potion
  3330 | D:4      | 3330 ||| FLEEEEING.
  3535 | D:4      | Noticed Duvessa
  3536 | D:4      | 3536 ||| ZAPPING wand of flame (8) at -7,1 (Duvessa;
                  | floor).
  3537 | D:4      | 3537 ||| ZAPPING wand of flame (7) at -6,1 (Duvessa;
                  | floor).
  3537 | D:4      | Noticed Dowan
  3538 | D:4      | 3538 ||| ZAPPING wand of flame (6) at -5,0 (Duvessa;
                  | floor).
  3539 | D:4      | 3539 ||| ZAPPING wand of flame (5) at -4,0 (Duvessa;
                  | floor).
  3540 | D:4      | 3540 ||| ZAPPING wand of flame (4) at -3,0 (Duvessa;
                  | floor).
  3541 | D:4      | 3541 ||| ZAPPING wand of flame (3) at -2,0 (Duvessa;
                  | floor).
  3542 | D:4      | 3542 ||| ZAPPING wand of flame (2) at -1,0 (Duvessa;
                  | floor).
  3543 | D:4      | 3543 ||| ZAPPING wand of flame (1) at -1,0 (Duvessa;
                  | floor).
  3545 | D:4      | 3545 ||| RETREEEEATING.
  3546 | D:4      | 3546 ||| RETREEEEATING.
  3549 | D:4      | 3549 ||| RETREEEEATING.
  3552 | D:4      | Killed Duvessa
  3553 | D:4      | Reached skill level 6 in Ranged Weapons
  3553 | D:4      | Reached XP level 8. HP: 53/58 MP: 0/0
  3564 | D:4      | Killed Dowan
  3639 | D:4      | Noticed Edmund
  3649 | D:4      | HP: 14/58 [Edmund/+5 heavy flail (5)]
  3649 | D:4      | HP: 6/58 [gnoll sergeant/+0 trident (2)]
  3650 | D:4      | 3650 ||| READING scroll of teleportation.
  3651 | D:4      | Slain by an iguana

Levels and vault maps discovered:
D:1:      wander_arrival_chamber, layout_basic,
          shapermc_ecumenical_altar_notcrosses
D:2:      layout_loops_corners, item_on_display_a
D:3:      layout_rooms, tgw_trog, uniq_natasha
D:4:      layout_cave_pools, lightli_minifort, uniq_blork_the_orc, uniq_robin,
          uniq_duvessa, uniq_edmund

Skill      XL: |  1  2  3  4  5  6  7 |
---------------+----------------------+-----
Ranged Weapons | 4 5 6 |  6.2
Armour         | 1 |  1.0
Fighting       | 3 4 |  4.1
Dodging        | 3 4 |  4.7
Stealth        | |  0.7

Action                     |  1- 3 |  4- 6 |  7- 9 || total
---------------------------+-------+-------+-------++-------
   Fire: Shortbow          |    66 |   188 |   128 ||   382
  Evoke: Wand              |       |       |     8 ||     8
    Use: Scroll            |     5 |     1 |     2 ||     8
         Potion            |       |     1 |       ||     1
 Armour: Leather armour    |     5 |       |       ||     5
         Ring mail         |     8 |   129 |       ||   137
         Robe              |       |    25 |    67 ||    92
  Dodge: Dodged            |    12 |   115 |    66 ||   193

Table legend:
 A = Non-vault XP
 B = Vault XP
 C = Vault XP percentage of total XP
 D = Non-vault monster count
 E = Vault monster count
 F = Vault count percentage of total count
                 A         B        C        D         E       F
            +---------+---------+-------+---------+---------+-------
      Total |     676 |     417 |  38.2 |      71 |      22 |  23.7
            +---------+---------+-------+---------+---------+-------
        D:1 |      25 |       0 |   0.0 |      18 |       0 |   0.0
        D:2 |      33 |      36 |  52.2 |      17 |       1 |   5.6
        D:3 |     139 |     129 |  48.1 |      20 |      15 |  42.9
        D:4 |     479 |     252 |  34.5 |      16 |       6 |  27.3
            +---------+---------+-------+---------+---------+-------
